 Dungeon Crawl Stone Soup version 0.20-b1 (webtiles) character file.

1659 galech the Grappler (level 8, -1/117 HPs)
             Began as a Troll Monk on May 19, 2017.
             Was a Believer of Trog.
             Slain by Joseph
             ... wielding a +0 quarterstaff
              (12 damage)
             ... on level 7 of the Dungeon.
             The game lasted 00:09:14 (5099 turns).

galech the Grappler (Troll Monk)                    Turns: 5099, Time: 00:09:15

Health: -1/117     AC:  5    Str: 27    XL:     8   Next: 68%
Magic:  7/7        EV: 12    Int:  6    God:    Trog [**....]
Gold:   379        SH:  0    Dex: 12    Spells: 7/7 levels left

rFire    . . .     SeeInvis .     - Unarmed
rCold    . . .     Gourm    +   (no shield)
rNeg     . . .     Faith    .   a - +0 robe
rPois    .         Spirit   .   (helmet restricted)
rElec    .         Reflect  .   (no cloak)
rCorr    .         Harm     .   (gloves unavailable)
MR       .....                  (boots unavailable)
Stlth    ..........             (no amulet)
Regen    0.7/turn               v - ring of stealth
MPRegen  0.1/turn               p - +4 ring of slaying

@: berserking, very quick
A: unfitting armour, claws 3, fast metabolism 3, gourmand, regeneration 1,
shaggy fur 1, tough skin 2
a: Berserk, Trog's Hand, Burn Spellbooks, Renounce Religion


You were on level 7 of the Dungeon.
You worshipped Trog.
Trog was pleased with you.
You were very full.

You visited 2 branches of the dungeon, and saw 8 of its levels.

You collected 379 gold pieces.

Inventory:

Hand Weapons
 E - the +9 spear "Diomismu" {pierce, SInv, unknown}
   (You found it on level 5 of the Dungeon)

   It inflicts extra damage upon your enemies.
   It lets you see invisible.
Armour
 a - a +0 robe (worn)
Jewellery
 p - a +4 ring of slaying (right claw)
 v - a ring of stealth (left claw)
 z - an uncursed ring of flight
 G - an uncursed ring of ice
Wands
 q - a wand of confusion (16/48)
 B - a wand of flame (29/48)
Scrolls
 d - 4 scrolls of remove curse
 e - 2 scrolls of magic mapping {unknown}
 g - a scroll of fear {unknown}
 i - 2 scrolls of enchant armour {unknown}
 j - a scroll of fog {unknown}
 o - a scroll of immolation {unknown}
 s - 4 scrolls of teleportation {unknown}
 u - 4 scrolls of identify {unknown}
 y - 2 scrolls of amnesia {unknown}
 A - a scroll of blinking {unknown}
 F - a scroll of silence {unknown}
Potions
 f - 2 potions of curing {unknown}
 k - a potion of ambrosia {unknown}
 l - a potion of flight {unknown}
 m - a potion of cancellation {unknown}
 n - 2 potions of brilliance {unknown}
 r - 2 potions of haste
 t - a potion of lignification {unknown}
 w - a potion of might {unknown}
 x - 2 potions of heal wounds {unknown}
 D - a potion of berserk rage {unknown}
Comestibles
 b - 7 bread rations
 c - 3 fruits
 h - 3 meat rations


   Skills:
 + Level 3.7 Fighting
 + Level 5.0 Dodging
 + Level 2.7 Stealth
 + Level 8.6 Unarmed Combat


You had 7 spell levels left.
You didn't know any spells.

Dungeon Overview and Level Annotations

Branches:
Dungeon (7/15)             Temple (1/1) D:5

Altars:
Cheibriados
Dithmenos
Elyvilon
Gozag
Hepliaklqana
Makhleb
Nemelex Xobeh
Okawaru
Qazlal
Ru
Sif Muna
Trog
Uskayaw
Vehumet
Xom
Yredelemnul
The Shining One

Annotations:
D:7 Joseph


Innate Abilities, Weirdness & Mutations

You are too large for most types of armour.
You have claws for hands.
Your metabolism is lightning-fast.
You like to eat raw meat.
Your natural rate of healing is unusually fast.
You are covered in fur. (AC +1)
You have very tough skin. (AC +2)


Message History

Joseph is lightly wounded.
Joseph barely misses you.
You barely miss Joseph.
Joseph is lightly wounded.
Joseph hits you with a quarterstaff.
* * * LOW HITPOINT WARNING * * *
You scratch Joseph.
Joseph is moderately wounded.
Joseph hits you with a quarterstaff!
* * * LOW HITPOINT WARNING * * *
You claw Joseph!
Joseph is moderately wounded.
Joseph hits you with a quarterstaff!
* * * LOW HITPOINT WARNING * * *
You closely miss Joseph.
Joseph is moderately wounded.
You closely miss Joseph. You claw Joseph!
Joseph is heavily wounded.
Joseph hits you with a quarterstaff!
You die...

#.######.#..##
####<# #...## <
##....# #.###
..#.###.....# #.#
............# #.#
....###.....######.#
#..................#
..........#######..#
.#####@### #....#
#@# #.#.## #c# #.#.#
#.# #.#.# #.# #.#.#
#.#######.#.#
..........#.#
..######.##.# ## ..#
#.#


You could see Joseph and a centaur.

Vanquished Creatures
  Sigmund (D:2)
  Duvessa (D:6)
  An orc warrior (D:3)
  An ogre (D:3)
  A bullfrog (D:6)
  Dowan (D:6)
  2 howler monkeys (D:6)
  4 crimson imps
  2 hounds
  5 orc priests
  5 orc wizards
  A centaur skeleton (D:6)
  Natasha (thrice) (D:5)
  4 worker ants
  A killer bee zombie (D:6)
  A hound skeleton (D:3)
  A worker ant zombie (D:3)
  Robin (D:2)
  A howler monkey skeleton (D:6)
  6 adders
  4 gnolls
  2 oozes
  3 adder skeletons (D:3)
  3 adder zombies
  4 worms
  5 dart slugs
  6 leopard geckos
  14 orcs
  4 giant cockroaches
  18 goblins
  17 hobgoblins
  6 jackals
  7 kobolds
  4 quokkas
  4 ball pythons
  10 bats
  2 frilled lizards (D:2)
  A jackal skeleton (D:6)
  A quokka zombie (D:3)
  9 rats
167 creatures vanquished.

Vanquished Creatures (others)
  An orc (D:4)
1 creature vanquished.

Grand Total: 168 creatures vanquished

Notes
Turn   | Place    | Note
-------+----------+-------------------------------------------
     0 | D:1      | galech the Troll Monk began the quest for the Orb.
     0 | D:1      | Reached XP level 1. HP: 22/22 MP: 0/0
   233 | D:1      | Reached XP level 2. HP: 29/29 MP: 1/1
   534 | D:1      | Reached XP level 3. HP: 29/36 MP: 2/2
   737 | D:2      | Noticed Robin
   754 | D:2      | HP: 1/36 [Robin/mace (8)]
   953 | D:2      | Noticed Sigmund
   959 | D:2      | Killed Sigmund
   959 | D:2      | Reached skill level 4 in Unarmed Combat
   959 | D:2      | Reached XP level 4. HP: 38/45 MP: 3/3
   959 | D:2      | Reached XP level 5. HP: 45/53 MP: 4/4
  1046 | D:2      | Killed Robin
  1047 | D:2      | Reached skill level 5 in Unarmed Combat
  1595 | D:3      | Noticed an orc warrior
  1611 | D:3      | Reached XP level 6. HP: 29/61 MP: 5/5
  1808 | D:3      | Found a hazy altar of Hepliaklqana.
  1859 | D:3      | Killed an orc warrior
  2329 | D:3      | Reached skill level 6 in Unarmed Combat
  2482 | D:4      | Reached XP level 7. HP: 60/67 MP: 6/6
  2733 | D:4      | Noticed Natasha
  2741 | D:4      | HP: 2/67 [shadow imp/nerve-wracking pain[Natasha] (11)]
  2742 | D:5      | Entered Level 5 of the Dungeon
  2919 | D:5      | Killed Natasha
  3027 | D:4      | Reached skill level 7 in Unarmed Combat
  3371 | D:5      | Found a radiant altar of Vehumet.
  3417 | D:5      | Noticed Natasha
  3420 | D:5      | Killed Natasha
  3519 | D:5      | Found a staircase to the Ecumenical Temple.
  3522 | D:5      | Noticed Natasha
  3532 | D:5      | Killed Natasha
  3552 | D:5      | Got a jewelled spear
  3558 | Temple   | Entered the Ecumenical Temple
  3819 | Temple   | Became a worshipper of Trog the Wrathful
  3819 | Temple   | Reached * piety under Trog
  3819 | Temple   | Reached ** piety under Trog
  3968 | D:5      | Reached XP level 8. HP: 69/75 MP: 7/7
  4222 | D:6      | Found a faded altar of an unknown god.
  4222 | D:6      | Found an opulent altar of Gozag.
  4227 | D:6      | Found a basalt altar of Yredelemnul.
  4229 | D:6      | Found an iron altar of Okawaru.
  4231 | D:6      | Found a burning altar of Makhleb.
  4261 | D:6      | Noticed Duvessa
  4262 | D:6      | Noticed Dowan
  4270 | D:6      | Killed Duvessa
  4275 | D:6      | Killed Dowan
  4452 | D:6      | Reached skill level 8 in Unarmed Combat
  4683 | D:6      | Found a sparkling altar of Nemelex Xobeh.
  4990 | D:7      | Reached skill level 5 in Dodging
  5083 | D:7      | Noticed Joseph
  5099 | D:7      | Slain by Joseph

Skill      XL: |  1  2  3  4  5  6  7  8 |
---------------+-------------------------+-----
Dodging        | 3 4 5 |  5.0
Fighting       | 3 |  3.7
Unarmed Combat | 4 5 6 7 8 |  8.6
Stealth        | 2 |  2.7

Action                   |  1- 3 |  4- 6 |  7- 9 || total
-------------------------+-------+-------+-------++-------
Melee: Unarmed           |   110 |   121 |   174 ||   405
       Punch             |     4 |     6 |     4 ||    14
Invok: Berserk           |       |       |     1 ||     1
  Use: Scroll            |     1 |       |       ||     1
 Stab: Sleeping          |     4 |     7 |    15 ||    26
  Eat: Chunk             |    14 |    14 |    24 ||    52
Armor: Robe              |    39 |    48 |    28 ||   115
Dodge: Dodged            |    60 |    54 |   104 ||   218
